 Dungeon Crawl Stone Soup version 0.29.1-1-gd02db6906a (webtiles) character file.

Game seed: 12718475086529347010

146 Earthwalker the Covered (level 5, 0/47 HPs)
             Began as a Minotaur Fighter on Oct 22, 2022.
             Slain by a white imp (4 damage)
             ... summoned by Natasha
             ... on level 3 of the Dungeon.
             The game lasted 00:02:46 (2439 turns).

Earthwalker the Covered (Minotaur Fighter)          Turns: 2439, Time: 00:02:47

Health: 0/47       AC:  9    Str: 22    XL:     5   Next: 7%
Magic:  4/4        EV: 10    Int:  5    God:
Gold:   195        SH:  4    Dex: 10    Spells: 4/4 levels left

rFire   . . .      SeeInvis .   a - +0 war axe
rCold   . . .      Faith    .   c - +0 buckler
rNeg    . . .      Spirit   .   b - +0 scale mail
rPois   .          Reflect  .   (helmet restricted)
rElec   .          Harm     .   (no cloak)
rCorr   .          Rampage  .   (no gloves)
Will    .....                   n - +1 pair of boots
Stlth   ..........              (no amulet)
HPRegen 0.15/turn               (no ring)
MPRegen 0.09/turn               (no ring)

@: slowed, very slow
A: horns 2, retaliatory headbutt
a: no special abilities


You were on level 3 of the Dungeon.
You visited 1 branch of the dungeon, and saw 3 of its levels.

You collected 195 gold pieces.

Inventory:

Hand Weapons
 a - a +0 war axe (weapon)
Missiles
 o - 3 poisoned darts (quivered)
Armour
 b - a +0 scale mail (worn)
 c - a +0 buckler (worn)
 n - a +1 pair of boots (worn)
Scrolls
 e - 2 scrolls of teleportation {unknown}
 h - 2 scrolls of blinking {unknown}
 i - a scroll of immolation {unknown}
 j - 5 scrolls of identify {unknown}
 l - a scroll of enchant weapon {unknown}
Potions
 d - 2 potions of might
 f - 2 potions of curing {unknown}
 g - 2 potions of flight {unknown}
 k - a potion of heal wounds {unknown}
 m - a potion of magic {unknown}


   Skills:
 * Level 4.5 Fighting
 * Level 3.7 Axes
 * Level 4.6 Armour
 + Level 1.5 Dodging
 * Level 4.5 Shields


You had 4 spell levels left.
You didn't know any spells.
Your spell library contained the following spells:

 Spells                   Type           Power      Damage    Failure   Level
 Apportation              Tloc           0%         N/A       86%         1
 Summon Guardian Golem    Hex/Summ       0%         N/A       99%         3
 Alistair's Intoxication  Tmut/Pois      0%         N/A       100%        5
 Orb of Destruction       Conj           0%         9d5       100%        7
 Spellforged Servitor     Conj/Summ      0%         N/A       100%        7


Dungeon Overview and Level Annotations

Branches:
Dungeon (3/15)

Altars:

Annotations:
D:3 Natasha


Innate Abilities, Weirdness & Mutations

You have a pair of horns on your head.
You reflexively headbutt those who attack you in melee.


Message History

Natasha casts a spell at you.
You feel yourself slow down.
An endoplasm comes into view.
Natasha hisses.
The endoplasm quivers.
Natasha mumbles some strange words.
You closely miss Natasha. Natasha casts a spell at you.
The magic dart hits you!
Natasha mumbles some strange words.
Natasha glows brightly for a moment.
Natasha claws you!
You closely miss Natasha. You hit the endoplasm. Natasha casts a spell at you.
The magic dart hits you! The endoplasm freezes you.
You are frozen.
* * * LOW HITPOINT WARNING * * *
Natasha claws you.
* * * LOW HITPOINT WARNING * * *
You block the endoplasm's attack.
You hit Natasha but do no damage. You headbutt Natasha.
Natasha is moderately wounded.
You slash the endoplasm!
You kill the endoplasm!
You hit the white imp but do no damage.
Natasha stares at you and mumbles some strange words.
The magic dart hits you.
* * * LOW HITPOINT WARNING * * *
The white imp misses you. Natasha closely misses you.
You barely miss Natasha. You headbutt Natasha!
Natasha is severely wounded.
You closely miss the white imp.
The white imp grins evilly.
The white imp closely misses you. You furiously retaliate!
You headbutt the white imp! Natasha claws you but does no damage.
The white imp hits you.
* * * LOW HITPOINT WARNING * * *
The white imp freezes you.
You die...

##~~~.........#.#
#.#
#P♣♣.........#.###.#
#P♣~.##......#.#...#
..♣~.##........#.###
#. ######.........#
#. #.....>.###
#.......# #.......#
#..5@...# #..h....#
.......##.## .......
..# ####.#. ### #.#.
. .. .. ..


You could see Natasha and a white imp (summoned).

Vanquished Creatures
  Terence (D:3)
  5 adders
  4 worms
  2 dart slugs
  An orc (D:3)
  5 ball pythons
  5 endoplasms
  2 giant cockroaches (D:1)
  4 goblins
  5 hobgoblins
  6 jackals (D:2)
  3 quokkas
  7 bats
  4 frilled lizards
  4 kobolds
  2 rats (D:2)
60 creatures vanquished.

Notes
Turn   | Place    | Note
-------+----------+-------------------------------------------
     0 | D:1      | Earthwalker the Minotaur Fighter began the quest for the
                  | Orb.
     0 | D:1      | Reached XP level 1. HP: 19/19 MP: 0/0
   439 | D:1      | Reached XP level 2. HP: 27/27 MP: 1/1
  1283 | D:2      | Reached XP level 3. HP: 33/33 MP: 2/2
  1539 | D:2      | Reached skill level 1 in Dodging
  1684 | D:2      | Reached XP level 4. HP: 40/40 MP: 3/3
  2045 | D:3      | Noticed Terence
  2061 | D:3      | Killed Terence
  2263 | D:3      | Reached XP level 5. HP: 47/47 MP: 4/4
  2432 | D:3      | Noticed Natasha
  2439 | D:3      | Slain by a white imp

Illustrated notes

Levels and vault maps discovered:
D:1:      wander_arrival_desolate, layout_basic
D:2:      layout_loops_cross, minmay_tetromino_l4
D:3:      layout_basic, dreamdust_ecumenical_altar_grove, minivault_24,
          serial_bayou_pond_d, uniq_terence, uniq_natasha

Skill      XL: |  1  2  3 |
---------------+----------+-----
Armour         | 4 |  4.6
Fighting       | 4 |  4.5
Axes           | 3 |  3.7
Shields        | 4 |  4.5
Dodging        | 1 |  1.5

Action                   |  1- 3 |  4- 6 || total
-------------------------+-------+-------++-------
Melee: War axe           |    89 |    54 ||   143
       Headbutt          |    10 |     9 ||    19
Armor: Scale mail        |    39 |    31 ||    70
Dodge: Dodged            |    46 |    28 ||    74
Block: Buckler           |    26 |    12 ||    38
